 Dungeon Crawl Stone Soup version 0.29-a0-789-g7a8fcbc185 (webtiles) character file.

Game seed: 15847004383239385538

50 trckry the Sneak (level 3, -12/29 HPs)
             Began as a Mummy Delver on July 2, 2022.
             Killed from afar by Blork the orc (16 damage)
             ... with a puff of flame
             ... on level 5 of the Dungeon.
             The game lasted 00:02:26 (432 turns).

trckry the Sneak (Mummy Delver)                      Turns: 432, Time: 00:02:27

Health: -12/29     AC:  3    Str: 17    XL:     3   Next: 55%
Magic:  3/3        EV: 12    Int:  9    God:
Gold:   1          SH:  0    Dex: 13    Spells: 2/2 levels left

rFire   x . .      SeeInvis .   a - +0 falchion
rCold   + . .      Faith    .   (no shield)
rNeg    + + +      Spirit   .   b - +0 leather armour
rPois   ∞          Reflect  .   (no helmet)
rElec   .          Harm     .   (no cloak)
rCorr   .          Rampage  .   (no gloves)
Will    .....                   (no boots)
Stlth   ++........              (no amulet)
HPRegen 0.09/turn               (no ring)
MPRegen 0.08/turn               (no ring)

@: no status effects
A: cold resistance 1, negative energy resistance 3, torment resistance 2, heat
vulnerability 1, in touch with death 1, no potions
a: no special abilities


You were on level 5 of the Dungeon.
You visited 1 branch of the dungeon, and saw 1 of its levels.

You collected 1 gold pieces.

Inventory:

Hand Weapons
 a - a +0 falchion (weapon)
Missiles
 g - 5 boomerangs (quivered)
Armour
 b - a +0 leather armour (worn)
Wands
 f - a wand of digging (3)
Scrolls
 c - a scroll of fog
 d - a scroll of magic mapping
 e - a scroll of fear


   Skills:
 + Level 3.3 Fighting
 * Level 2.3 Long Blades
 + Level 1.0 Armour
 + Level 2.0 Dodging
 - Level 4.1 Stealth


You had 2 spell levels left.
You didn't know any spells.
Your spell library was empty.

Dungeon Overview and Level Annotations

Branches:
Dungeon (5/15) Zot: 5561
 Temple: D:4-7

Altars:

Annotations:
D:5 3 runed translucent doors, Blork the orc


Innate Abilities, Weirdness & Mutations

You are immune to poison.
Your flesh is cold resistant. (rC+)
You are immune to negative energy. (rN+++)
You are immune to unholy pain and torment.
You are vulnerable to heat. (rF-)
You are in touch with the powers of death.
You do not drink.


Message History

The howler monkey barely misses you. x2
You hit the howler monkey.
The howler monkey is almost dead.
The howler monkey hoots and howls with incredible vigour!
You hear a shout! x2
You hit the howler monkey but do no damage.
The howler monkey is almost dead.
The howler monkey closely misses you.
The howler monkey hits you but does no damage.
You barely miss the howler monkey.
The howler monkey is almost dead.
The howler monkey hits you.
* * * LOW HITPOINT WARNING * * *
You take 4 damage, and have 4/24 hp.
You closely miss the howler monkey.
The howler monkey is almost dead.
The howler monkey hits you.
* * * LOW HITPOINT WARNING * * *
The howler monkey barely misses you.
You take 1 damage, and have 3/24 hp.
You hit the howler monkey.
You kill the howler monkey!
Your Armour skill increases to level 1!
Your Dodging skill increases to level 2!
You have reached level 3!
Your experience leads to an increase in your attributes!
Increase (S)trength, (I)ntelligence, or (D)exterity?
You feel stronger. x2
You feel more in touch with the powers of death.
MP restored: 3 A white imp comes into view.
Blork the orc comes into view.
He is wielding a +0 trident and wearing a +2 robe of cold resistance.
Blork the orc shouts!
A howler monkey comes into view.
Blork the orc moves out of view.
There is an open door here.
Blork the orc casts a spell at you. The puff of flame hits you!
The fire burns you terribly!
Ouch! That really hurt!
You die... .... #. #...###... #og

#..<..#.....#o..##
.h....'.....+..g..
o.?...#.....#g.o..
#+###....##.....######
#####..##....#.....).....)
...#..#....#....#............
...'5.'....#@...#............
..#..#....'....#............
######'##'####............
....$.[..........##########
.................#
.................#
.................#
.................#
###########+######


You could see Blork the orc and a howler monkey (wandering).

Vanquished Creatures
  A howler monkey (D:5)
  An ufetubus (D:5)
  5 orcs (D:5)
7 creatures vanquished.

Vanquished Creatures (others)
  2 demonic plants (D:5)
2 creatures vanquished.

Grand Total: 9 creatures vanquished

Notes
Turn   | Place    | Note
-------+----------+-------------------------------------------
     0 | D:5      | trckry the Mummy Delver began the quest for the Orb.
     0 | D:5      | Reached XP level 1. HP: 18/18 MP: 1/1
    17 | D:5      | Noticed an iguana
   212 | D:5      | Reached XP level 2. HP: 11/24 MP: 2/2
   369 | D:5      | Found a runed translucent gate.
   369 | D:5      | Found a runed translucent gate.
   369 | D:5      | Found a runed translucent gate.
   369 | D:5      | Noticed a phantom
   407 | D:5      | Noticed a howler monkey
   427 | D:5      | HP: 3/24 [howler monkey (1)]
   428 | D:5      | Killed a howler monkey
   429 | D:5      | Reached skill level 1 in Armour
   429 | D:5      | Gained mutation: You are in touch with the powers of death.
                  | [Mummy growth]
   429 | D:5      | Reached XP level 3. HP: 4/29 MP: 3/3
   431 | D:5      | Noticed Blork the orc
   432 | D:5      | Killed from afar by Blork the orc

Illustrated notes

Levels and vault maps discovered:
D:5:      layout_gridville, gammafunk_ghost_nasty_kobolds, serial_demonic,
          serial_demonic_a, serial_demonic_c, serial_demonic_c,
          serial_demonic_c, uniq_blork_the_orc

Skill      XL: |  1  2 |
---------------+-------+-----
Long Blades    | 2 |  2.3
Armour         | 1 |  1.0
Dodging        | 2 |  2.0
Fighting       | |  3.3
Stealth        | |  4.1

Action                   || total
-------------------------++-------
Melee: Falchion          ||    28
 Stab: Distracted        ||     1
Armor: Leather armour    ||     8
Dodge: Dodged            ||    23

Table legend: (Time is in decaauts)
 A = Elapsed time spent in this place.
 B = Non-inter-level travel time spent in this place.
 C = Inter-level travel time spent in this place.
 D = Time resting spent in this place.
 E = Time spent auto-exploring this place.
 F = Levels seen in this place.
 G = Mean time per level.
                   A        B        C        D        E       F      G
               +--------+--------+--------+--------+--------+-----+--------+
         Total |    438 |    438 |      0 |    242 |      0 |   1 |  438.0 |
       Dungeon |    438 |    438 |      0 |    242 |      0 |   1 |  438.0 |
               +--------+--------+--------+--------+--------+-----+--------+

Top non-repeatable levels by time:
     D:5: 438 daAuts
